Map: Golden Wall LE

Players

SaMzZ

  • Race: Terran Terran
  • League: Silver
  • Spawn Location: 5:00

JohnnyV - Winner!

  • Race: Terran Terran
  • League: Silver
  • Spawn Location: 7:00

VOD

Have the link to the VOD?

Description

Time

  • Played on: May 23, 2020, 12:28 p.m.
  • Length: 9:06
Show
View Real Time Build Order
Export as new Build Order

SaMzZ Terran 

Build Orders:  

Get SALT Encoding   

  12  0:01  SCV  
  13  0:18  SCV  
  13  0:19  Supply Depot  
  14  0:32  Supply Depot  
  14  0:43  Barracks  
  14  0:45  SCV  
  15  0:59  Barracks  
  15  1:03  SCV  
  16  1:18  SCV  
  17  1:20  Refinery  
  17  1:23  Refinery  
  17  1:30  SCV, Marine  
  19  1:44  SCV  
  20  1:59  Barracks Tech Lab  
  20  2:00  Marine  
  21  2:10  Orbital Command  
  21  2:19  Barracks Reactor  
  21  2:20  Marine  
  22  2:45  Command Center  
  22  2:52  Factory  
  22  2:59  Marauder  
  22  3:04  SCV  
  25  3:11  Marine x2  
  27  3:16  Combat Shield  
  27  3:21  SCV  
  28  3:28  Marauder  
  30  3:42  Marine  
  30  3:44  Factory Tech Lab  
  31  3:48  Supply Depot  
  31  3:56  SCV, Marine  
  31  3:59  SCV  
  34  4:03  Siege Tank  
  34  4:08  Marauder  
  39  4:10  Marine  
  39  4:14  SCV, Marine  
  42  4:23  Orbital Command  
  42  4:28  Marine  
  43  4:31  Marine  
  43  4:36  SCV  
  45  4:49  SCV  
  46  4:56  Starport  
  44  5:01  SCV  
  34  5:35  Engineering Bay  
  34  5:36  Engineering Bay  
  34  5:37  Marine  
  34  5:38  Marine x2  
  37  5:44  SCV x2  
  39  5:55  Marine  
  39  5:56  Marine x2  
  42  5:59  Starport Reactor  
  42  6:06  SCV x2  
  44  6:13  Marine  
  44  6:14  Marine  
  44  6:16  Marine  
  47  6:26  Terran Infantry Weapons Level 1, Terran Infantry Armor Level 1  
  47  6:27  SCV  
  47  6:28  Starport  
  47  6:29  SCV  
  47  6:31  Marine  
  47  6:32  Refinery, Marine  
  51  6:34  Marine  
  51  6:36  Refinery  
  52  6:41  SCV  
  52  6:42  SCV  
  54  6:58  Supply Depot  
  54  6:59  Supply Depot  
  54  7:02  Marine x3  
  54  7:03  SCV  
  58  7:20  Marine  
  58  7:22  Missile Turret  
  59  7:28  Missile Turret  
  58  7:46  Missile Turret  
  58  7:48  SCV, Missile Turret  
  58  7:49  Missile Turret  
  58  7:50  Missile Turret  
  59  7:52  SCV  
  59  7:54  Starport Tech Lab  
  60  7:59  Medivac  
  60  8:00  SCV, Medivac  
  60  8:04  SCV  
  66  8:10  Missile Turret  
  66  8:12  Armory, Missile Turret  
  66  8:13  Armory  
  66  8:15  Fusion Core  
  66  8:26  Marine  
  66  8:27  Marine x2  
  66  8:44  Marine x2  
  66  8:45  Marine  
Show
View Real Time Build Order
Export as new Build Order

JohnnyV Terran - Winner!

Build Orders: Liberator Opening 

Get SALT Encoding   

  12  0:01  SCV  
  13  0:13  SCV  
  14  0:18  Supply Depot  
  14  0:25  SCV  
  15  0:36  Refinery  
  15  0:42  Barracks  
  15  0:45  SCV  
  16  0:57  SCV  
  17  1:10  SCV  
  18  1:12  Refinery  
  18  1:22  SCV  
  19  1:31  Reaper  
  19  1:32  Supply Depot  
  20  1:34  SCV  
  21  1:46  SCV  
  22  1:52  Factory  
  22  1:58  SCV  
  23  2:02  Bunker  
  23  2:06  Marine  
  24  2:12  Orbital Command  
  24  2:29  Engineering Bay, Marine  
  24  2:40  Factory Tech Lab  
  24  2:43  Starport  
  24  2:49  Marine  
  25  2:55  Terran Infantry Weapons Level 1  
  25  3:06  Supply Depot, Siege Tank  
  28  3:14  Barracks Reactor  
  28  3:19  SCV  
  29  3:32  Liberator  
  32  3:47  Command Center  
  32  3:49  SCV  
  32  3:52  Marine x2  
  35  3:57  Supply Depot  
  35  4:08  Siege Tank  
  38  4:14  SCV  
  39  4:18  Starport Reactor  
  39  4:23  Missile Turret  
  39  4:30  Missile Turret  
  39  4:36  Missile Turret  
  39  4:39  Marine x2  
  39  4:45  Supply Depot  
  41  5:00  Siege Tank  
  41  5:04  SCV  
  41  5:06  Orbital Command  
  45  5:10  Marine x2  
  47  5:21  Medivac x2  
  48  5:28  Barracks  
  48  5:34  Refinery  
  48  5:37  Marine x2  
  50  5:46  Cyclone  
  53  5:58  Missile Turret  
  53  5:59  Missile Turret  
  53  6:04  Marine x2  
  54  6:05  Missile Turret  
  55  6:11  Liberator  
  55  6:17  Liberator  
  61  6:26  Marine x2  
  61  6:27  Barracks Tech Lab  
  63  6:42  Siege Tank  
  63  6:46  SCV x2  
  68  6:56  Marine x2  
  68  7:00  Combat Shield  
  70  7:05  Supply Depot  
  70  7:08  Supply Depot  
  70  7:27  Marine  
  71  7:34  Marine  
  71  7:35  Marine  
  67  7:45  Marine  
  68  7:52  Marine  
  69  8:15  Marine x3  
  71  8:25  Siege Tank  
  74  8:33  Marine x3  
Tags
 
Add a new tag
Caveats
  • Supply blocks, unpowered buildings, or Contaminate may cause inaccurate times.
  • Supply counts are checked every 10 seconds.